 Dungeon Crawl Stone Soup version 0.29-a0-25-g7f48f510a0 (webtiles) character file.

Game seed: 8292078633768878389

4384 robertstho the Thaumaturge (level 10, -6/69 HPs)
             Began as a Djinni Fire Elementalist on Jan 31, 2022.
             Mangled by a black bear (8 damage)
             ... on level 9 of the Dungeon.
             The game lasted 00:13:17 (11131 turns).

robertstho the Thaumaturge (DjFE)                  Turns: 11131, Time: 00:13:18

Health: -6/69      AC:  7    Str:  7    XL:     10   Next: 61%
Gold:   372        EV: 13    Int: 22    God:
                   SH:  0    Dex: 17

rFire   + + .      SeeInvis .   u - +8 mace of Devotion {vorpal, *Noise rN+ Dex+4}
rCold   x . .      Faith    .   (no shield)
rNeg    + + .      Spirit   .   s - +0 steam dragon scales
rPois   ∞          Reflect  .   o - +0 helmet
rElec   .          Harm     .   (no cloak)
rCorr   .          Rampage  .   l - +0 pair of gloves
Will    +....                   (boots unavailable)
Stlth   +++.......              (no amulet)
HPRegen 0.21/turn               y - ring of positive energy
MPRegen 0.00/turn               (no ring)

@: flying
A: sickness immunity, fire resistance 2, cold vulnerability 1, float, innate
caster, HP casting, extra vitality 1
a: no special abilities


You were on level 9 of the Dungeon.
You visited 2 branches of the dungeon, and saw 10 of its levels.

You collected 408 gold pieces.
You spent 36 gold pieces at shops.

Inventory:

Hand Weapons
 c - a +0 dagger
 m - a +2 whip of pain
 u - the +8 mace of Devotion (weapon) {vorpal, *Noise rN+ Dex+4}
   (You found it on level 6 of the Dungeon)

   It inflicts extra damage upon your enemies.
   Dex:       It affects your dexterity (+4).
   rN:        It protects you from negative energy.
   *Noise:    It may make noises in combat.
Armour
 l - a +0 pair of gloves (worn)
 o - a +0 helmet (worn)
 s - +0 steam dragon scales (worn)
Jewellery
 y - a ring of positive energy (left hand)
Wands
 t - a wand of flame (23)
 w - a wand of digging (3)
 E - a wand of paralysis (5)
Scrolls
 b - a scroll of fog {unknown}
 d - 4 scrolls of immolation
 f - a scroll of fear
 h - 4 scrolls of noise {unknown}
 j - a scroll of torment {unknown}
 v - a scroll of brand weapon {unknown}
 x - a scroll of vulnerability {unknown}
 z - a scroll of enchant armour {unknown}
 A - a scroll of blinking {unknown}
 C - a scroll of acquirement {unknown}
 D - a scroll of silence
Potions
 a - a potion of might
 e - 3 potions of curing
 g - 2 potions of haste
 i - 4 potions of lignification {unknown}
 p - 2 potions of degeneration {unknown}
 q - 2 potions of magic {unknown}
 r - a potion of mutation
 B - a potion of berserk rage {unknown}
 F - a potion of ambrosia {unknown}


   Skills:
 * Level 4.6 Fighting
 + Level 2.7 Dodging
 + Level 3.5 Stealth
 * Level 10.7 Spellcasting


You had 7 spell levels left.
You knew the following spells:

 Your Spells              Type           Power      Damage    Failure   Level
a - Foxfire               Conj/Fire      100%       2x1d9     1%          1
b - Scorch                Fire           100%       2d10      1%          2
c - Conjure Flame         Conj/Fire      56%        6-21      1%          3
d - Inner Flame           Hex/Fire       56%        N/A       1%          3
e - Flame Wave            Conj/Fire      56%        2d11      1%          4
f - Shock                 Conj/Air       100%       1d9       1%          1
g - Wereblood             Tmut           56%        N/A       1%          2
h - Teleport Other        Tloc           56%        N/A       1%          3
i - Cause Fear            Hex            28%        N/A       1%          4
Your spell library was empty.

Dungeon Overview and Level Annotations

Branches:
Dungeon (9/15)             Temple (1/1) D:5            Lair (0/6) D:9
    Orc: D:9-12

Altars:
Ashenzari
Dithmenos
Elyvilon
Gozag
Hepliaklqana
Kikubaaqudgha
Okawaru
Qazlal
Ru
Sif Muna
Trog
Uskayaw
Vehumet
Wu Jian
Xom
Yredelemnul
Zin
The Shining One

Shops:
D:1 [   D:3 *

Annotations:
D:6 3 runed translucent doors, Cecur's ghost, novice DsGl


Innate Abilities, Weirdness & Mutations

You are immune to sickness and miasma.
You are immune to poison.
Your flesh is very heat resistant. (rF++)
You are vulnerable to cold. (rC-)
You float through the air rather than walking.
You learn spells naturally, not from books.
Your magical power is your life essence.
You have superior vitality. (+4 MHP)


Message History

Casting: Foxfire (safe; 1% risk of failure)
Press: ? - help, Q - select action, (/) - cycle Dir - look around, f - activate You conjure some foxfire!
* * * LOW HITPOINT WARNING * * *
The foxfire hits the black bear.
The black bear is lightly wounded.
The foxfire hits the black bear!
The black bear is moderately wounded.
Casting: Foxfire (safe; 1% risk of failure)
Press: ? - help, Q - select action, (/) - cycle Dir - look around, f - activate You conjure some foxfire!
* * * LOW HITPOINT WARNING * * *
The foxfire hits the black bear.
The black bear is heavily wounded.
The foxfire hits the black bear.
The black bear is heavily wounded.
The foxfire hits the black bear!
The black bear is severely wounded.
The foxfire hits the black bear.
The black bear is almost dead.
You feel better. The wyvern closely misses you. The black bear bites you.
* * * LOW HITPOINT WARNING * * *
The black bear claws you but does no damage. x2
You feel better.
The wyvern bites you but does no damage.
The black bear goes berserk!
The wyvern bites you.
* * * LOW HITPOINT WARNING * * *
Casting: Foxfire (safe; 1% risk of failure)
Confirm with . or Enter, or press ? or * to list all spells.
Casting: Cause Fear (dangerous; 1% risk of failure)
Press: ? - help, Dir - look around, f - activate The black bear is unaffected.
The wyvern resists with some effort.
* * * LOW HITPOINT WARNING * * *
The black bear misses you. The black bear completely misses you.
The black bear claws you.
* * * LOW HITPOINT WARNING * * *
The wyvern bites you!
* * * LOW HITPOINT WARNING * * *
The black bear bites you!
You die...

#.#.....# ##.#.
#.#...(.#
##...###.##)####
##.....##.##.#
#..P.P..#[##.#
##..P....#.##Z#
#?##...........#.#
#............†.#.#
#....@h........#
##....l....#..##
#.?.......##.#
##.......###..
#..P....# #Y.
##.....## ##..
##...## .. .#.#.
#.. ###. .


You could see a black bear (berserk) and a wyvern.

Vanquished Creatures
  2 hornets
  Sigmund (D:3)
  A vampire (D:7)
  A basilisk (D:9)
  A steam dragon (D:6)
  A necrophage (D:6)
  2 sky beasts
  A black bear (D:4)
  2 orc warriors
  2 ogres (D:4)
  6 centaurs
  A phantom (D:5)
  3 kobold brigands
  4 bullfrogs
  2 wyvern zombies
  6 killer bees (D:8)
  8 electric eels (D:8)
  A centaur zombie (D:9)
  2 centaur skeletons
  7 orc priests
  3 hounds
  2 jellies
  A gnoll shaman (D:8)
  An iguana (D:5)
  Natasha (thrice) (D:2)
  5 orc wizards
  Ijyb (D:4)
  2 killer bee zombies
  A hound skeleton (D:5)
  A howler monkey zombie (D:8)
  A howler monkey skeleton (D:5)
  7 adders
  4 gnolls
  3 white imps
  3 worms
  3 dart slugs
  21 orcs
  4 ball pythons
  7 bats
  6 endoplasms
  A giant cockroach (D:1)
  6 goblins
  8 hobgoblins
  7 jackals
  17 kobolds
  2 quokkas
  2 frilled lizards
  6 rats
182 creatures vanquished.

Vanquished Creatures (collateral kills)
  11 foxfires
11 creatures vanquished.

Vanquished Creatures (others)
  545 foxfires
  26 plants (D:8)
571 creatures vanquished.

Grand Total: 764 creatures vanquished

Notes
Turn   | Place    | Note
-------+----------+-------------------------------------------
     0 | D:1      | robertstho the Djinni Fire Elementalist began the quest for
                  | the Orb.
     0 | D:1      | Reached XP level 1. HP: 15/15 MP: 0/0
    98 | D:1      | Found Iluatoumm's Antique Armour Shoppe.
   321 | D:1      | Reached XP level 2. HP: 18/21 MP: 0/0
   455 | D:1      | Found a faded altar of an unknown god.
   710 | D:1      | You are sucked into a shaft and drop 1 floor!
   721 | D:2      | Reached skill level 3 in Spellcasting
   781 | D:2      | Reached XP level 3. HP: 18/26 MP: 0/0
   781 | D:2      | Learned a level 1 spell: Shock
  1448 | D:2      | Noticed Natasha
  1452 | D:2      | Killed Natasha
  1453 | D:2      | Reached skill level 1 in Fighting
  1453 | D:2      | Reached XP level 4. HP: 28/32 MP: 0/0
  1783 | D:2      | Noticed Natasha
  1788 | D:2      | Killed Natasha
  1873 | D:2      | Reached XP level 5. HP: 33/37 MP: 0/0
  1873 | D:2      | Learned a level 2 spell: Wereblood
  2512 | D:2      | Noticed Natasha
  2514 | D:2      | Killed Natasha
  2515 | D:2      | Reached skill level 4 in Spellcasting
  2960 | D:3      | Identified the +7 scale mail of Geki {Rampage *Corrode
                  | Int+4 Dex+3}
  3108 | D:3      | Found Wiazy's General Store.
  3113 | D:3      | Bought a scroll of teleportation for 36 gold pieces
  3398 | D:3      | Noticed Sigmund
  3402 | D:3      | Killed Sigmund
  3403 | D:3      | Reached skill level 5 in Spellcasting
  3403 | D:3      | Reached XP level 6. HP: 36/43 MP: 0/0
  3604 | D:3      | Reached XP level 7. HP: 12/48 MP: 0/0
  3604 | D:3      | Learned a level 3 spell: Teleport Other
  3909 | D:3      | Found a shimmering altar of Xom.
  4334 | D:4      | Noticed Ijyb
  4338 | D:4      | Killed Ijyb
  4916 | D:4      | Found a white marble altar of Elyvilon.
  5227 | D:4      | Reached skill level 6 in Spellcasting
  5366 | D:4      | Reached XP level 8. HP: 48/54 MP: 0/0
  5833 | D:5      | Entered Level 5 of the Dungeon
  5849 | D:5      | Found a staircase to the Ecumenical Temple.
  5878 | Temple   | Entered the Ecumenical Temple
  6268 | D:5      | Reached skill level 7 in Spellcasting
  6915 | D:6      | Noticed Cecur's ghost (novice DsGl)
  6920 | D:6      | Found a runed translucent gate.
  6920 | D:6      | Found a runed translucent gate.
  6921 | D:6      | Found a runed translucent gate.
  6936 | D:6      | Reached XP level 9. HP: 54/60 MP: 0/0
  6936 | D:6      | Learned a level 4 spell: Cause Fear
  7026 | D:6      | Reached skill level 8 in Spellcasting
  7115 | D:6      | Found a sacrificial altar of Ru.
  7206 | D:6      | Identified the +8 mace of Devotion {vorpal, *Noise rN+
                  | Dex+4}
  7633 | D:7      | Reached skill level 9 in Spellcasting
  8005 | D:7      | Found a stormy altar of Qazlal.
  8536 | D:7      | Found a bloodstained altar of Trog.
  8536 | D:7      | Found an iron altar of Okawaru.
  8604 | D:7      | Noticed a hornet
  8610 | D:7      | Killed a hornet
  8611 | D:7      | Reached XP level 10. HP: 49/67 MP: 0/0
  8854 | D:8      | Noticed a two-headed ogre
  9407 | D:8      | Reached skill level 10 in Spellcasting
 11095 | D:9      | Found a staircase to the Lair.
 11131 | D:9      | HP: 2/69 [wyvern (8)]
 11131 | D:9      | Mangled by a black bear

Illustrated notes

Levels and vault maps discovered:
D:1:      minmay_arrival_floating_metal, layout_rooms,
          hellmonk_ecumenical_altar_blasted, serial_shops, nicolae_shop_stone
D:2:      layout_basic, uniq_natasha
D:3:      layout_rooms, nicolae_vehumet_radiance, lemuel_coloured_pillars_altar,
          serial_shops, nicolae_diamond_shop, uniq_sigmund
D:4:      layout_loops_corners, elyvilon_altar_3, grunt_ministairs_11, uniq_ijyb
D:5:      layout_cave_pools, minmay_temple_entry_overgrown,
          minmay_misc_feat_alley, kennysheep_decorative_pillar
D:6:      layout_rooms, nicolae_overflow_crystal_walls, gammafunk_ghost_split
D:7:      layout_loops_cross, old_standard_altar,
          grunt_temple_overflow_bloody_war
D:8:      layout_loops_corners, lemuel_blue_sif_altar, serial_bayou,
          serial_bayou_lagoon_b, serial_bayou_pond_b, serial_bayou_ford_a,
          serial_bayou_shore_a, mrwooster_statue_mirror, grunt_ministairs_9
D:9:      layout_basic, kennysheep_little_box, david_lair_generic,
          uniq_prince_ribbit1, uniq_gastronok, uniq_erolcha
Temple:   eino_temple_lava

Skill      XL: |  1  2  3  4  5  6  7  8  9 10 |
---------------+-------------------------------+-----
Spellcasting   | 3 5 6 7 9 10 | 10.7
Fighting       | 1 2 3 4 |  4.6
Stealth        | 2 3 |  3.5
Dodging        | |  2.7

Action                   |  1- 3 |  4- 6 |  7- 9 | 10-12 || total
-------------------------+-------+-------+-------+-------++-------
Melee: Dagger            |     6 |     1 |       |       ||     7
       Mace              |       |       |       |     8 ||     8
 Cast: Foxfire           |    47 |    18 |   214 |    54 ||   333
       Scorch            |    11 |    45 |    77 |    33 ||   166
       Flame Wave        |       |       |     1 |     4 ||     5
       Cause Fear        |       |       |       |     4 ||     4
       Conjure Flame     |       |       |       |     2 ||     2
       Teleport Other    |       |       |       |     1 ||     1
Evoke: Wand              |       |       |       |     2 ||     2
  Use: Scroll            |     3 |     2 |     2 |     4 ||    11
       Potion            |       |       |     1 |     2 ||     3
 Stab: Sleeping          |       |       |       |     1 ||     1
Armor: Robe              |     5 |     5 |     7 |       ||    17
       Steam dragon scal |       |       |     6 |    20 ||    26
Dodge: Dodged            |    18 |     9 |    22 |    29 ||    78

Table legend: (Time is in decaauts)
 A = Elapsed time spent in this place.
 B = Non-inter-level travel time spent in this place.
 C = Inter-level travel time spent in this place.
 D = Time resting spent in this place.
 E = Time spent auto-exploring this place.
 F = Levels seen in this place.
 G = Mean time per level.
                   A        B        C        D        E       F      G
               +--------+--------+--------+--------+--------+-----+--------+
         Total |  11142 |  10878 |    264 |    833 |   8840 |  10 | 1114.2 |
       Dungeon |  10984 |  10721 |    263 |    833 |   8692 |   9 | 1220.4 |
        Temple |    158 |    157 |      1 |      0 |    148 |   1 |  158.0 |
               +--------+--------+--------+--------+--------+-----+--------+

Top non-repeatable levels by time:
     D:8: 2176 daAuts
     D:4: 1765 daAuts
     D:2: 1584 daAuts
     D:1: 1276 daAuts
     D:7: 1251 daAuts
     D:3: 1215 daAuts
     D:5: 827 daAuts
     D:6: 797 daAuts
  Temple: 158 daAuts
     D:9: 89 daAuts
